 Dungeon Crawl Stone Soup version 0.31-a0-83-gbff143cfd1 (webtiles) character file.

Game seed: 7854266059624813914

87 Strat the Sneak (level 4, 0/28 HPs)
             Began as a Kobold Brigand on May 24, 2023.
             Was an Initiate of Dithmenos.
             Killed from afar by an orc wizard (4 damage)
             ... with a puff of flame
             ... on level 5 of the Dungeon.
             The game lasted 00:04:14 (4284 turns).

Strat the Sneak (Kobold Brigand)                    Turns: 4284, Time: 00:04:15

Health: 0/28       AC:  3    Str:  5 (8)  XL:     4   Next: 80%
Magic:  4/4        EV: 15    Int:  9 (12) God:    Dithmenos [......]
Gold:   239        SH:  0    Dex: 16 (18) Spells: 3/3 levels left

rFire   + . .        a - +2 dagger
rCold   + . .        (no shield)
rNeg    . . .        b - +0 robe
rPois   +            (no helmet)
rElec   +            c - +0 cloak
rCorr   +            (no gloves)
SInv    .            (no boots)
Will    .....        (no amulet)
Stlth   ++++         (no ring)
HPRegen 0.24/turn    (no ring)
MPRegen 0.09/turn

%: no passive effects
@: resistant
A: small, no large weapons, nightstalker 3
a: Renounce Religion


You were on level 5 of the Dungeon.
You worshipped Dithmenos.
Dithmenos was noncommittal.
You visited 1 branch of the dungeon, and saw 5 of its levels.

You collected 239 gold pieces.

Inventory:

Hand Weapons
 a - a +2 dagger (weapon)
Missiles
 d - 9 poisoned darts (quivered)
 e - 3 curare-tipped darts
 j - 2 datura-tipped darts
Armour
 b - a +0 robe (worn)
 c - a +0 cloak (worn)
 w - an orb of guile
Jewellery
 n - a ring of poison resistance
Scrolls
 f - 2 scrolls of silence {unknown}
 g - 3 scrolls of identify
 i - 2 scrolls of enchant armour {unknown}
 k - a scroll of enchant weapon {unknown}
 l - a scroll of teleportation {unknown}
 m - 2 scrolls of fog {unknown}
 r - a scroll of fear {unknown}
 x - a scroll of brand weapon {unknown}
 y - a scroll of butterflies {unknown}
 z - a scroll of magic mapping {unknown}
Potions
 h - a potion of curing {unknown}
 o - a potion of haste {unknown}
 p - a potion of cancellation {unknown}
 q - 2 potions of lignification
 s - a potion of degeneration
 t - a potion of magic {unknown}
 u - a potion of resistance
 v - a potion of invisibility {unknown}


   Skills:
 + Level 3.0 Fighting
 * Level 4.3 Short Blades
 - Level 2.1 Throwing
 + Level 2.4 Dodging
 + Level 5.9 Stealth


You had 3 spell levels left.
You didn't know any spells.
Your spell library was empty.

Dungeon Overview and Level Annotations

Branches:
Dungeon (5/15)
 Temple: D:4-7

Altars:
Dithmenos
Nemelex Xobeh
Qazlal

Annotations:
D:3 3 runed translucent doors, AstroCodex24's ghost, weakling DgFi


Innate Abilities, Weirdness & Mutations

You are small and have problems with some larger weapons.
You are completely attuned to the shadows.


Message History

You hit the orc.
The orc is heavily wounded.
The orc hits you but does no damage. Something hits you.
* * * LOW HITPOINT WARNING * * *
You hit the orc.
The orc is heavily wounded.
Something hits you.
* * * LOW HITPOINT WARNING * * *
The orc closely misses you.
You closely miss something. Something hits you.
* * * LOW HITPOINT WARNING * * *
The orc hits you with a +0 club.
* * * LOW HITPOINT WARNING * * *
You hit something but do no damage. You barely miss something.
The orc hits you with a +0 club.
* * * LOW HITPOINT WARNING * * *
Something hits you.
* * * LOW HITPOINT WARNING * * *
It was a potion of degeneration.
There was something very wrong with that liquid.
You feel weakened.
You feel dopey.
You feel clumsy. The orc barely misses you. Something hits you.
* * * LOW HITPOINT WARNING * * *
It was a potion of resistance.
You feel protected. Something hits you.
* * * LOW HITPOINT WARNING * * *
The orc closely misses you.
You hit something. Something hits you.
* * * LOW HITPOINT WARNING * * *
The orc barely misses you.
You hit something. Something hits you.
* * * LOW HITPOINT WARNING * * *
The orc hits you with a +0 club.
* * * LOW HITPOINT WARNING * * *
You barely miss something.
You hear some strange, mumbled words.
A puff of flame appears from out of thin air!
The puff of flame hits you. You resist.
You die...

..##...............##....#
...........##......##....#
...........##########....#
............#......#.....#
####........#....>.#.....#
<..#........#......##....#
...#.......######'###.)..#
...#.......##...o).##....#
...#........#...@{.#.....#
...#........#......'.....#
...#........#......##....#
...'........#......##....#
...#........#............#
...#........#............
...#........#..........
...##########.###+####.


You could see an orc.

Vanquished Creatures
  An adder (D:3)
  2 worms
  3 dart slugs
  2 orcs (D:5)
  12 ball pythons
  6 endoplasms
  A giant cockroach (D:4)
  4 goblins
  7 hobgoblins
  4 jackals
  2 quokkas
  3 bats
  3 frilled lizards (D:1)
  6 kobolds
  4 rats (D:1)
60 creatures vanquished.

Notes
Turn   | Place    | Note
-------+----------+-------------------------------------------
     0 | D:1      | Strat the Kobold Brigand began the quest for the Orb.
     0 | D:1      | Reached XP level 1. HP: 12/12 MP: 1/1
    75 | D:1      | Reached XP level 2. HP: 18/18 MP: 2/2
   471 | D:1      | Reached XP level 3. HP: 22/22 MP: 3/3
  1874 | D:3      | Found a runed translucent gate.
  1874 | D:3      | Found a runed translucent gate.
  1876 | D:3      | Found a runed translucent gate.
  2052 | D:3      | Noticed AstroCodex24's ghost (weakling DgFi)
  2186 | D:3      | Found a shadowy altar of Dithmenos.
  2212 | D:3      | Reached XP level 4. HP: 21/27 MP: 4/4
  2373 | D:3      | Found a stormy altar of Qazlal.
  2441 | D:3      | Found a sparkling altar of Nemelex Xobeh.
  2497 | D:3      | Identified the +3 falchion of Youthful Indiscretion {flame,
                  | rElec rC+}
  2858 | D:3      | Became a worshipper of Dithmenos the Shadowed
  3055 | D:4      | Identified the +1 spear of the Gloaming {heavy, Will+}
  3988 | D:5      | Entered Level 5 of the Dungeon
  4284 | D:5      | Killed from afar by an orc wizard

Illustrated notes

Levels and vault maps discovered:
D:1:      heliophobic_arrival_ceremonial_halls, layout_loops_cross,
          serial_bayou_lagoon_a
D:2:      layout_basic, serial_forest, infiniplex_forest_lined_room_,
          infiniplex_forest_lined_2, infiniplex_forest_clump_curved,
          infiniplex_forest_clump_cross, infiniplex_forest_zigzag_1,
          infiniplex_forest_clump_small, infiniplex_forest_lined_ring
D:3:      layout_loops_corners, nicolae_overflow_crystal_walls,
          nemelex_xobeh_ov_fountains_minmay, mainiacjoe_overflow_tiny_flanked,
          biasface_ghost_orc_armoury, grunt_ministairs_13,
          nicolae_elevator_lobby_asterisk
D:4:      wander_river, layout_basic
D:5:      layout_gridville, minmay_temple_entry_arrows, minmay_between

Skill      XL: |  1  2  3  4 |
---------------+-------------+-----
Short Blades   | 3 4 |  4.3
Dodging        | 2 |  2.4
Fighting       | 3 |  3.0
Throwing       | |  2.1
Stealth        | |  5.9

Action                     |  1- 3 |  4- 6 || total
---------------------------+-------+-------++-------
  Melee: Dagger            |    92 |    83 ||   175
         Punch             |     1 |     3 ||     4
    Use: Potion            |       |     2 ||     2
         Scroll            |       |     1 ||     1
   Stab: Sleeping          |    21 |     7 ||    28
 Armour: Robe              |    18 |     5 ||    23
  Dodge: Dodged            |    47 |    61 ||   108

Table legend: (Time is in decaauts)
 A = Elapsed time spent in this place.
 B = Non-inter-level travel time spent in this place.
 C = Inter-level travel time spent in this place.
 D = Time resting spent in this place.
 E = Time spent auto-exploring this place.
 F = Levels seen in this place.
 G = Mean time per level.
                   A        B        C        D        E       F      G
               +--------+--------+--------+--------+--------+-----+--------+
         Total |   4291 |   4070 |    221 |      6 |   3573 |   5 |  858.2 |
       Dungeon |   4291 |   4070 |    221 |      6 |   3573 |   5 |  858.2 |
               +--------+--------+--------+--------+--------+-----+--------+

Top non-repeatable levels by time:
     D:4: 1244 daAuts
     D:3: 1162 daAuts
     D:2: 925 daAuts
     D:1: 780 daAuts
     D:5: 179 daAuts
